 Dungeon Crawl Stone Soup version 0.31-a0-121-g1e386dd289 (webtiles) character file.

Game seed: 2256459441988904604

2191 xian the Trooper (level 9, -2/96 HPs)
             Began as an Ogre Berserker on June 1, 2023.
             Was a High Priest of Trog.
             Slain by an orc wizard
             ... wielding a +0 dagger
              (3 damage)
             ... on level 8 of the Dungeon.
             The game lasted 00:14:14 (6186 turns).

xian the Trooper (Ogre Berserker)                   Turns: 6186, Time: 00:14:14

Health: -2/96      AC:  4    Str: 27    XL:     9   Next: 33%
Magic:  9/9        EV: 15    Int: 14    God:    Trog [*****.]
Gold:   385        SH:  0    Dex:  8    Spells: 8/8 levels left

rFire   . . .        y - +4 giant club (spect)
rCold   . . .        (shield currently unavailable)
rNeg    + + .        b - +0 animal skin
rPois   .            (helmet restricted)
rElec   .            p - +0 cloak
rCorr   .            (gloves unavailable)
SInv    .            (boots unavailable)
Will    .....        e - amulet of the Three Beds {Faith Fly rN++ Stlth-} Stlth
                     k - +6 ring of intelligence
HPRegen 0.36/turn    l - +5 ring of evasion
MPRegen 0.11/turn

%: faith
@: lethally poisoned (-2 -> -4), on berserk cooldown, attractive, flying,
slowed, very slow
A: large, unfitting armour, tough skin 1
a: Renounce Religion, Berserk, Trog's Hand, Brothers in Arms


You were on level 8 of the Dungeon.
You worshipped Trog.
Trog was extremely pleased with you.
You visited 1 branch of the dungeon, and saw 8 of its levels.

You collected 405 gold pieces.
You spent 20 gold pieces at shops.

Inventory:

Hand Weapons
 q - a +4 quarterstaff of chaos
 y - a +4 spectral giant club (weapon)
Missiles
 f - 24 stones (quivered)
 m - 3 javelins
 u - 3 atropa-tipped darts
 B - 3 poisoned darts
Armour
 b - a +0 animal skin (worn)
 p - a +0 cloak (worn)
Jewellery
 e - the amulet of the Three Beds (around neck) {Faith Fly rN++ Stlth-}
   (You found it on level 2 of the Dungeon)

   [amulet of faith]

   It allows you to gain divine favour quickly.
   rN:        It greatly protects you from negative energy.
   Fly:       It grants you flight.
   Stlth:     It makes you less stealthy.
 k - a +6 ring of intelligence (left hand)
 l - a +5 ring of evasion (right hand)
 x - a ring of flight
Wands
 r - a wand of flame (45)
 z - a wand of roots (10)
 D - a wand of paralysis (16)
Scrolls
 c - 2 scrolls of poison {unknown}
 d - a scroll of blinking
 g - 2 scrolls of enchant armour
 j - 7 scrolls of teleportation
 s - a scroll of enchant weapon
 t - 2 scrolls of fear
 A - a scroll of magic mapping {unknown}
 C - a scroll of torment {unknown}
 E - 3 scrolls of vulnerability {unknown}
 F - a scroll of immolation {unknown}
Potions
 a - 3 potions of curing {unknown}
 h - 2 potions of magic {unknown}
 i - 2 potions of invisibility {unknown}
 n - 2 potions of haste {unknown}
 o - 2 potions of resistance {unknown}
 v - 2 potions of attraction
 w - a potion of berserk rage {unknown}
 G - a potion of brilliance {unknown}
 H - a potion of heal wounds {unknown}


   Skills:
 + Level 7.9 Fighting
 + Level 5.0(6.1) Axes
 + Level 4.9(6.7) Maces & Flails
 + Level 5.6(6.7) Staves
 + Level 1.2 Throwing
 + Level 5.6 Dodging
 + Level 1.5 Stealth


You had 8 spell levels left.
You didn't know any spells.
Your spell library contained the following spells:

 Spells                   Type           Power      Damage    Failure   Level
 Beastly Appendage        Tmut           0%         N/A       28%         1
 Ensorcelled Hibernation  Hex/Ice        0%         N/A       41%         2
 Wereblood                Tmut           0%         N/A       41%         2
 Dazzling Flash           Conj/Hex       0%         N/A       65%         3
 Frozen Ramparts          Ice            0%         1d1       65%         3
 Spider Form              Tmut/Pois      0%         N/A       65%         3
 Anguish                  Hex/Necr       0%         N/A       96%         4
 Animate Armour           Summ/Erth      0%         N/A       96%         4
 Ice Form                 Ice/Tmut       0%         N/A       96%         4
 Summon Ice Beast         Ice/Summ       0%         N/A       96%         4
 Summon Lightning Spire   Summ/Air       0%         N/A       96%         4
 Agony                    Necr           0%         N/A       100%        5
 Blade Hands              Tmut           0%         N/A       100%        5
 Silence                  Hex/Air        0%         N/A       100%        5


Dungeon Overview and Level Annotations

Branches:
Dungeon (8/15)             Temple (0/1) D:6
   Lair: D:8-11

Altars:
Dithmenos
Elyvilon
Fedhas
Qazlal
Ru
Uskayaw

Shops:
D:1 ?[


Innate Abilities, Weirdness & Mutations

You are too large for most types of armour.
You have tough skin. (AC +1)


Message History

A kobold comes into view. It is wielding a +0 dagger.
The yak barely misses your +4 spectral giant club.
A kobold brigand comes into view.
It is wielding a +0 whip and quivering curare-tipped darts.
You hear some strange, mumbled words.
A magic dart appears from out of thin air!
The magic dart hits you! The orc misses you.
The kobold throws a poisoned dart.
The poisoned dart hits you!
You are poisoned.
Unknown command.
You closely miss something.
Your +4 spectral giant club closely misses something.
You feel very sick. Something hits you. The orc completely misses you.
The orc barely misses your +4 spectral giant club.
You hear some strange, mumbled words.
Something tries to affect you, but you resist.
The yak completely misses you. The orc hits you with a +0 war axe!
* * * LOW HITPOINT WARNING * * *
Your +4 spectral giant club disappears.
You feel sick. Something hits you.
* * * LOW HITPOINT WARNING * * *
The orc closely misses you.
The kobold throws a stone.
The stone misses you. The yak gores you.
* * * LOW HITPOINT WARNING * * *
The yak gores you!
* * * LOW HITPOINT WARNING * * *
A kobold comes into view. It is wielding a +0 whip.
The kobold throws a stone.
The stone closely misses you. Something hits you.
* * * LOW HITPOINT WARNING * * *
The orc misses you.
It was a potion of attraction.
You feel attractive to monsters.
* * * LOW HITPOINT WARNING * * *
You feel sick.
The kobold shouts!
The yak completely misses you.
A kobold comes into view.
It is wielding a +2 short sword of draining.
The kobold throws a stone.
The stone closely misses you. The yak closely misses you. Something hits you.
You die...

[#.#. ... ## ..... ..K
... ..... .. . #.. #.#.#
K# K. ###.. #.#.#
####.##... ..... #.#.#
##..).K.... .
#..##.#.####)..Y.K....
#.#.........))){YYK.....
#.#.........#..o@.......
........................
###..)..[...##..........
###...).....###...#.....
.....)†<>......######...
............... ...
............... [.
...............
##.............


You could see 3 yaks, a kobold brigand, an orc (very poisoned) and 5 kobolds.

Vanquished Creatures
  A shadow (D:5)
  Sigmund (D:2)
  A water moccasin (D:5)
  An ice beast (D:7)
  3 orc warriors
  A centaur (D:5)
  A phantom (D:6)
  2 bullfrogs
  2 scorpions (D:5)
  Crazy Yiuf (D:2)
  8 orc priests
  2 jellies (D:6)
  Natasha (twice) (D:4)
  4 iguanas
  A sleepcap (D:5)
  Ijyb (D:4)
  12 orc wizards
  An adder (D:5)
  A shadow imp (D:7)
  2 ufetubi (D:6)
  A worm (D:3)
  2 dart slugs
  47 orcs
  5 ball pythons
  6 endoplasms
  A giant cockroach (D:3)
  4 goblins
  5 hobgoblins
  8 jackals
  8 quokkas
  2 bats (D:3)
  2 frilled lizards
  5 kobolds
  6 rats
150 creatures vanquished.

Notes
Turn   | Place    | Note
-------+----------+-------------------------------------------
     0 | D:1      | xian the Ogre Berserker began the quest for the Orb.
     0 | D:1      | Reached XP level 1. HP: 24/24 MP: 1/1
   146 | D:1      | Reached XP level 2. HP: 32/32 MP: 2/2
   443 | D:1      | Found Laqayluq's Armour Emporium.
   519 | D:1      | Found a transporter.
   521 | D:1      | Found Utotz's Magic Scroll Shop.
   675 | D:1      | Found a transporter.
   682 | D:1      | Bought a scroll of identify for 20 gold pieces
   778 | D:2      | Identified the amulet of the Three Beds {Faith Fly rN++
                  | Stlth-}
   792 | D:2      | Reached XP level 3. HP: 28/40 MP: 3/3
  1095 | D:2      | Noticed Sigmund
  1124 | D:2      | Killed Sigmund
  1125 | D:2      | Reached skill level 5 in Fighting
  1125 | D:2      | Reached XP level 4. HP: 27/50 MP: 4/4
  1125 | D:2      | Reached XP level 5. HP: 31/57 MP: 5/5
  1319 | D:2      | Found a shadowy altar of Dithmenos.
  1385 | D:2      | Found a runed translucent door.
  1386 | D:2      | Noticed Crazy Yiuf
  1392 | D:2      | Killed Crazy Yiuf
  1644 | D:3      | Reached ** piety under Trog
  1814 | D:3      | Reached XP level 6. HP: 65/66 MP: 6/6
  2157 | D:3      | Found a faded altar of an unknown god.
  2334 | D:4      | Noticed Ijyb
  2343 | D:4      | Killed Ijyb
  2344 | D:4      | Reached skill level 5 in Axes
  2344 | D:4      | Reached skill level 1 in Staves
  3084 | D:4      | Noticed Natasha
  3087 | D:4      | Killed Natasha
  3088 | D:4      | Reached skill level 6 in Fighting
  3259 | D:4      | Noticed Natasha
  3265 | D:4      | Killed Natasha
  3329 | D:5      | Entered Level 5 of the Dungeon
  3333 | D:5      | Noticed a water moccasin
  3342 | D:5      | Killed a water moccasin
  3343 | D:5      | Reached XP level 7. HP: 56/75 MP: 7/7
  3525 | D:5      | Reached *** piety under Trog
  3637 | D:5      | Noticed a shadow
  3650 | D:5      | Killed a shadow
  3939 | D:5      | Found a blossoming altar of Fedhas.
  3961 | D:5      | Found a stormy altar of Qazlal.
  3967 | D:5      | Identified a scroll of acquirement
  3968 | D:5      | Acquired a +4 spectral giant club
  3977 | D:5      | Reached XP level 8. HP: 84/84 MP: 8/8
  4080 | D:5      | Reached skill level 5 in Staves
  4509 | D:5      | Found a sacrificial altar of Ru.
  4642 | D:6      | Reached skill level 1 in Maces & Flails
  4739 | D:6      | Reached skill level 1 in Stealth
  4823 | D:6      | Reached skill level 7 in Fighting
  4887 | D:6      | Found a staircase to the Ecumenical Temple.
  5107 | D:6      | Reached **** piety under Trog
  5327 | D:7      | Reached skill level 5 in Dodging
  5348 | D:7      | Reached skill level 1 in Throwing
  5382 | D:7      | Found a hide-covered altar of Uskayaw.
  5406 | D:7      | Found a white marble altar of Elyvilon.
  5408 | D:7      | Reached XP level 9. HP: 92/93 MP: 9/9
  6173 | D:8      | Reached ***** piety under Trog
  6185 | D:8      | HP: 3/96 [yak (16)]
  6186 | D:8      | HP: 1/96 [poisoned by a kobold]
  6186 | D:8      | Slain by an orc wizard

Illustrated notes

Levels and vault maps discovered:
D:1:      lemuel_arrival_muddy, layout_loops_ring, serial_shops,
          nicolae_shop_drivethru, shop
D:2:      layout_loops_ring, basic_altar, uniq_sigmund, uniq_crazy_yiuf_cottage
D:3:      layout_basic, chequers_ecumenical_altar_twisty, nicolae_titane
D:4:      cheibrodos_quashed, layout_gridville, uniq_natasha, uniq_ijyb
D:5:      layout_loops_corners, grunt_temple_overflow_forces_of_nature,
          mainiacjoe_overflow_alcove_4
D:6:      layout_rooms, minmay_temple_entry_butterflies
D:7:      layout_loops_ring, lemuel_crystal_altar,
          nicolae_uskayaw_murder_on_the_dancefloor
D:8:      minmay_the_grid_square_5x5_3x3
          [minmay_the_grid_square_5x5_doubleslash,
          minmay_the_grid_square_5x5_minivault,
          minmay_the_grid_square_5x5_longway, minmay_the_grid_square_5x5_mess,
          minmay_the_grid_square_5x5_megaprize_crossed,
          minmay_the_grid_square_5x5_corner,
          minmay_the_grid_square_5x5_pentomino_r,
          minmay_the_grid_square_5x5_bite, minmay_the_grid_square_5x5_percent],
          layout_rooms, lair_entry_dummy

Skill      XL: |  1  2  3  4  5  6  7  8  9 |
---------------+----------------------------+-----
Dodging        | 3 4 5 |  5.6
Fighting       | 5 6 7 |  7.9
Axes           | 4 5 |  5.0
Staves         | 2 4 5 |  5.6
Maces & Flails | 3 4 |  4.9
Stealth        | 1 |  1.5
Throwing       | 1 |  1.2

Action                     |  1- 3 |  4- 6 |  7- 9 || total
---------------------------+-------+-------+-------++-------
  Melee: Hand axe          |    98 |     5 |       ||   103
         Quarterstaff      |       |    96 |    44 ||   140
         Giant club        |       |       |   119 ||   119
  Throw: Stone             |     2 |     7 |    20 ||    29
 Invoke: Berserk           |     1 |     2 |     6 ||     9
    Use: Scroll            |     2 |     3 |     3 ||     8
         Potion            |       |       |     1 ||     1
 Armour: Animal skin       |    22 |    40 |    35 ||    97
  Dodge: Dodged            |    59 |   108 |   138 ||   305

Table legend: (Time is in decaauts)
 A = Elapsed time spent in this place.
 B = Non-inter-level travel time spent in this place.
 C = Inter-level travel time spent in this place.
 D = Time resting spent in this place.
 E = Time spent auto-exploring this place.
 F = Levels seen in this place.
 G = Mean time per level.
                   A        B        C        D        E       F      G
               +--------+--------+--------+--------+--------+-----+--------+
         Total |   6320 |   6120 |    200 |      0 |   4531 |   8 |  790.0 |
       Dungeon |   6320 |   6120 |    200 |      0 |   4531 |   8 |  790.0 |
               +--------+--------+--------+--------+--------+-----+--------+

Top non-repeatable levels by time:
     D:5: 1315 daAuts
     D:4: 1071 daAuts
     D:2: 872 daAuts
     D:7: 841 daAuts
     D:1: 774 daAuts
     D:3: 671 daAuts
     D:6: 665 daAuts
     D:8: 109 daAuts
